 Dungeon Crawl Stone Soup version 0.10.0-32-gfa280cc character file.

1423 millerlowlife the Stinger (level 8, -7/46 HPs)
             Began as an Octopode Venom Mage on Apr 19, 2012.
             Was an Initiate of Vehumet.
             Splashed by acid (16 damage)
             ... on Level 7 of the Dungeon on Apr 20, 2012.
             The game lasted 01:14:51 (8445 turns).

millerlowlife the Stinger (Octopode Venom Mage)     Turns: 8445, Time: 01:14:53

HP  -7/46        AC  1     Str  8      XL: 8   Next: 28%
MP  16/20        EV 12     Int 19      God: Vehumet [......]
Gold 343         SH  0     Dex 13      Spells:  4 memorised, 11 levels left

Res.Fire  : . . .   See Invis. : .   l - +3 quarterstaff (chaos)
Res.Cold  : . . .   Warding    : . . (no shield)
Life Prot.: . . .   Conserve   : .   (helmet restricted)
Res.Acid. : . . .   Res.Corr.  : .   (no amulet)
Res.Poison: .       Clarity    : .   q - +1 ring of intelligence
Res.Elec. : .       Spirit.Shd : .   (no ring)
Sust.Abil.: . .     Stasis     : .   (no ring)
Res.Mut.  : .       Ctrl.Telep.: .   (no ring)
Res.Rott. : .       Levitation : .   (no ring)
Saprovore : . . .   Ctrl.Flight: .   (no ring)
                                     (no ring)
                                     (no ring)

@: slightly resistant to hostile enchantments, quite stealthy
A: almost no armour, amphibious, constrict 8, camouflage 1, tentacles 3, AC +1
a: Renounce Religion


You were on level 7 of the Dungeon.
You worshipped Vehumet.
Vehumet was pleased with you.
You were not hungry.

You visited 2 branches of the dungeon, and saw 8 of its levels.
You visited 1 portal chamber: sewer.

You collected 323 gold pieces.

Inventory:

Hand weapons
 g - a +2,+0 elven dagger
 j - a -1,+0 orcish short sword
 l - a +3,+3 quarterstaff of chaos (weapon)
 y - the +6,+0 dagger "Myreto" {flame, *Rage rElec}
   (You found it on level 6 of the Dungeon)

   It emits flame when wielded, causing extra injury to most foes and up to
   double damage against particularly susceptible opponents.
   It insulates you from electricity.
   It makes you angry.
Missiles
 v - 5 curare-tipped +0 needles
 B - 19 +0 darts of frost (quivered)
Magical devices
 x - a wand of draining (8) {unknown}
Comestibles
 c - 3 bread rations
Scrolls
 a - 2 scrolls of identify
 d - a scroll of remove curse
 e - a scroll of random uselessness
 i - 4 scrolls of detect curse
 o - 4 scrolls of fear
 t - 3 scrolls of teleportation
 u - 2 scrolls of blinking
 z - a scroll of magic mapping
 A - a scroll of amnesia
Jewellery
 q - a +1 ring of intelligence (on tentacle)
Potions
 f - 2 potions of speed
 h - a potion of might {unknown}
 k - 2 potions of curing {unknown}
 m - 2 potions of brilliance {unknown}
 n - a potion of resistance {unknown}
 p - a potion of heal wounds {unknown}
 s - 2 potions of berserk rage {unknown}
 C - a potion of restore abilities {unknown}
Books
 b - a Young Poisoner's Handbook

   Spells                             Type                      Level
   *Sting                             Conjuration/Poison           1
   *Cure Poison                       Poison                       2
   *Mephitic Cloud                    Conjuration/Poison/Air       3
   Olgreb's Toxic Radiance            Poison                       4
   Venom Bolt                         Conjuration/Poison           5
 w - a book of Hinderance

   Spells                             Type                      Level
   Confusing Touch                    Hexes                        1
   *Slow                              Hexes                        2
   Confuse                            Hexes                        3
   Petrify                            Transmutation/Earth          4
   Leda's Liquefaction                Transmutation/Earth          4
   Metabolic Englaciation             Hexes/Ice                    6
Magical staves
 r - a -2 rod of venom (13/13)
   (You found it on level 4 of the Dungeon)


   Skills:
 - Level 0.1 Short Blades
 + Level 1.2 Staves
 - Level 2.0 Dodging
 + Level 4.1 Stealth
 - Level 0.2 Stabbing
 + Level 0.9 Traps & Doors
 * Level 6.2 Spellcasting
 + Level 3.6 Conjurations
 + Level 0.7 Hexes
 + Level 1.6 Air Magic
 - Level 6.7 Poison Magic
 + Level 0.6 Evocations


You had 11 spell levels left.
You knew the following spells:

 Your Spells              Type           Power        Failure   Level  Hunger
a - Sting                 Pois/Conj      #####        1%          1    None
b - Mephitic Cloud        Pois/Air/Conj  ####.....    8%          3    Choko
c - Cure Poison           Pois           #####.....   1%          2    None
d - Slow                  Hex            ##.......    14%         2    None


Dungeon Overview and Level Annotations

Branches:
Dungeon (7/27)             Temple (1/1) D:6
    Orc: D:6-11

Altars:
The Shining One
Vehumet
Xom
Yredelemnul
Zin

Annotations
D:5 Menkaure


Innate Abilities, Weirdness & Mutations

You cannot wear most types of armour.
You can wear up to eight rings at the same time.
You are amphibious.
You can use your tentacles to constrict many enemies at once.
Your rubbery body absorbs attacks (AC +1).
Your skin changes colour to match your surroundings (Stlth).
You have a mass of large tentacles instead of arms.


Message History

Press: ? - help, Shift-Dir - straight line, f/p - jelly
Aim: a jelly (lightly wounded)
The sting hits the jelly.
The jelly is lightly wounded.
Casting: Sting
Confirm with . or Enter, or press ? or * to list all spells.
Aiming: Sting
Press: ? - help, Shift-Dir - straight line, f/p - jelly
Aim: a jelly (lightly wounded)
The sting hits the jelly.
The jelly is moderately wounded.
The jelly hits you.
You are splashed with acid!
The acid burns!
You sock the jelly! You burn the jelly.
The jelly is heavily wounded.
The jelly hits you.
You are splashed with acid!
The acid burns!
* * * LOW HITPOINT WARNING * * *
The jelly hits you.
* * * LOW HITPOINT WARNING * * *
You are splashed with acid!
The acid burns!
You die...

#......###.#........#
#......# #.+........#
#......# ###........#
#......# #........#
###.#### #........#
#..=# ####+#####
#######.#####
#...........#
#......@J...#
#...........#
#...........#
#...<.......#
#.............
...........##
.......[..# #########


You could see a jelly.

Vanquished Creatures
  An orc warrior (D:7)
  A centaur (D:6)
  Duvessa (D:4)
  A giant frog (D:5)
  4 crimson imps
  Dowan (D:4)
  Crazy Yiuf (D:2)
  2 hounds (D:6)
  2 iguanas (D:6)
  A jelly (D:5)
  3 orc wizards
  3 worker ants
  9 adders
  A giant centipede zombie (D:6)
  A green rat (D:4)
  A worm (D:7)
  A white imp (D:4)
  4 giant mites
  A grey rat (D:4)
  5 giant geckos
  4 oozes
  18 orcs
  15 bats
  2 giant cockroaches
  7 goblins
  19 hobgoblins
  3 jackals (D:1)
  A quokka (D:2)
  2 ball pythons (D:4)
  8 giant newts
  A hobgoblin skeleton (D:4)
  A jackal skeleton (D:6)
  18 kobolds
  An orc skeleton (D:5)
  14 rats
  A rat skeleton (D:6)
159 creatures vanquished.

Vanquished Creatures (others)
  A jackal (D:7)
  A goblin (D:1)
  A rat (D:2)
  11 toadstools
14 creatures vanquished.

Grand Total: 173 creatures vanquished

Notes
Turn   | Place    | Note
--------------------------------------------------------------
     0 | D:1      | millerlowlife, the Octopode Venom Mage, began the quest for the Orb.
     0 | D:1      | Reached XP level 1. HP: 11/11 MP: 3/3
   161 | D:1      | Reached skill level 5 in Poison Magic
   493 | D:1      | Reached XP level 2. HP: 4/17 MP: 0/4
  1383 | D:1      | Reached XP level 3. HP: 21/21 MP: 6/6
  1680 | D:1      | Learned a level 3 spell: Mephitic Cloud
  1722 | D:1      | Reached skill level 1 in Conjurations
  1917 | D:2      | Found a glowing golden altar of the Shining One.
  2748 | D:2      | Reached XP level 4. HP: 23/27 MP: 5/8
  2789 | D:2      | Learned a level 2 spell: Cure Poison
  3131 | D:2      | Noticed Crazy Yiuf
  3140 | D:2      | Killed Crazy Yiuf
  3140 | D:2      | Reached skill level 6 in Poison Magic
  3677 | D:3      | Reached XP level 5. HP: 31/31 MP: 7/11
  4321 | D:4      | Identified a -3 rod of venom (12/12) (You found it on level 4 of the Dungeon)
  4361 | D:4      | Found a glowing drain. 4583
                  | sewer
                  | Entered the sewers 4583
                  | sewer
                  | Noticed CarbonBasedLifeform's ghost (weakling OpWn)
  4797 | D:4      | Noticed Dowan
  4861 | D:4      | Reached XP level 6. HP: 36/36 MP: 10/13
  4931 | D:4      | Learned a level 2 spell: Slow
  5127 | D:4      | Noticed Duvessa
  5261 | D:4      | Killed Dowan
  5333 | D:4      | Killed Duvessa
  5908 | D:5      | Entered Level 5 of the Dungeon
  6106 | D:5      | Reached XP level 7. HP: 37/41 MP: 7/17
  6215 | D:5      | Reached skill level 5 in Spellcasting
  6509 | D:5      | Noticed Menkaure
  6814 | D:6      | Reached skill level 1 in Air Magic
  7081 | D:5      | Found a glowing silver altar of Zin.
  7495 | D:6      | Got a warped dagger
  7496 | D:6      | Identified the dagger "Myreto" {flame, *Rage rElec} (You found it on level 6 of the Dungeon)
  7523 | D:6      | Found a staircase to the Ecumenical Temple.
  7535 | Temple   | Entered the Ecumenical Temple
  7543 | Temple   | Became a worshipper of Vehumet
  7679 | D:6      | Reached XP level 8. HP: 46/46 MP: 11/20
  7973 | D:7      | Reached skill level 1 in Staves
  8445 | D:7      | Splashed by acid
